Cogmind - Beta 14 @@@ ROGUE MODE // 2024.09.15 @ 21:39:03 Player: Mclir Result: Smashed by cave-in Performance ------------- Evolutions (0) 0 Regions Visited (1) 200 Robots Destroyed (17) 85 Value Destroyed (331) 331 Prototype IDs (3) 60 Alien Tech Used (0) 0 Bonus (0) 0 TOTAL SCORE: 676 Bonus ------- None Cogmind --------- Core Integrity 0/250 Matter 300/300 Energy 100/100 System Corruption 4% Temperature Cool (5) Movement Treading (160) Location -10/Materials Parts ------- > --- POWER (1) -------- (None) > --- PROPULSION (2) --- Light Treads Light Treads > --- UTILITY (2) ------ Large Storage Unit > --- WEAPON (2) ------- Medium Laser Mining Claw > --- INVENTORY (15) --- Ion Engine Ion Engine Light Ion Engine Aluminum Leg Aluminum Leg Small Storage Unit Structural Scanner Seismic Detector Medium Laser Peak State ------------ > --- POWER ------------ Light Ion Engine > --- PROPULSION ------- Light Treads Light Treads > --- UTILITY ---------- Large Storage Unit Targeting Computer > --- WEAPON ----------- Medium Laser Light Assault Rifle > --- INVENTORY -------- Ion Engine Light Ion Engine Aluminum Leg Aluminum Leg Small Storage Unit Structural Scanner Seismic Detector EM Pulse Gun Medium Laser Mining Claw [Rating: 8] Favorites ----------- Power Light Ion Engine Engine Light Ion Engine Propulsion Light Treads Treads Light Treads Leg Aluminum Leg Utility Large Storage Unit Device Seismic Detector Storage Large Storage Unit Processor Targeting Computer Weapon Light Assault Rifle Energy Gun Medium Laser Ballistic Gun Light Assault Rifle Slashing Weapon Mining Claw Build | -11 -10 ------- Run | Yrd Mat Slots Evolved . | . . Power . | . . Propulsion . | . . Utility . | . . Weapon . | . . Parts Attached 21 | 7 14 Power 2 | 1 1 Engine 2 | 1 1 Core . | . . Reactor . | . . Propulsion 7 | 2 5 Treads 5 | 2 3 Leg 2 | . 2 Wheel . | . . Hover . | . . Flight . | . . Utility 5 | 2 3 Device 1 | 1 . Storage 3 | 1 2 Processor 1 | . 1 Hackware . | . . Protection . | . . Artifact . | . . Weapon 7 | 2 5 Energy Gun 4 | 1 3 Energy Cannon . | . . Ballistic Gun 1 | 1 . Ballistic Cannon . | . . Launcher . | . . Special Weapon . | . . Impact Weapon . | . . Slashing Weapon 2 | . 2 Piercing Weapon . | . . Special Melee Weapon . | . . Unidentified Prototypes . | . . Parts Lost 7 | . 7 Power 2 | . 2 Propulsion 2 | . 2 Utility 1 | . 1 Weapon 2 | . 2 Highest Loss Streak 3 | . 3 To Critical Strikes . | . . Average Slot Usage (%) 96 | . 96 Engine 12 | . 12 Treads 25 | . 25 Leg 2 | . 2 Device 4 | . 4 Storage 15 | . 15 Processor 7 | . 7 Energy Gun 14 | . 14 Ballistic Gun 13 | . 13 Peak Build Rating 8 | 7 8 Average Rating 6 | 4 7 On Entrance 3 | . 7 Naked Turns . | . . Heaviest Build 31 | 12 31 Greatest Support 40 | 40 40 Greatest Overweight (x) 1 | . 1 Average Overweight (x) . | . . Largest Inventory Capacity 15 | 8 15 Average Capacity 13 | 7 13 Most Carried 11 | 6 11 Average Carried 7 | 3 8 Final Capacity 15 | 8 15 Final Carried 9 | 4 9 Class Distribution -------------------- 100% | Mutant Dominant Class ---------------- Mutant | -10/Materials Resources | -11 -10 ----------- Run | Yrd Mat Matter Collected 458 | 274 184 Remotely . | . . Salvage Created 520 | 78 442 Parts 30 | 4 26 Haulers Intercepted 1 | . 1 Recyclers Shooed . | . . Parts Field Recycled . | . . Retrieved Matter . | . . Parts Self-Destructed . | . . Prevented . | . . Kills | -11 -10 ------- Run | Yrd Mat Combat Hostiles Destroyed 13 | . 13 Guns 11 | . 11 AOE 1 | . 1 Classes Destroyed 6 | 2 4 Builder 1 | . 1 Tunneler 1 | 1 . Hauler 1 | . 1 Recycler 1 | 1 . Swarmer 6 | . 6 Grunt 7 | . 7 Best Kill Streak 5 | 1 5 Combat Bots Only 4 | . 4 Max Kills in Single Turn 1 | 1 1 Gunslinging . | . . Exploded 1 | . 1 Melee . | . . Uniques/NPCs Destroyed . | . . Combat | -11 -10 -------- Run | Yrd Mat Hostile Shots Fired 97 | . 97 Missed 22 | . 22 Damage Taken 1127 | . 1127 Core 256 | . 256 Absorbed by Shields . | . . Core Remaining (%) 100 | 100 . Volleys Fired 67 | 4 63 Largest 2 | 2 2 Hottest 100 | 70 100 Shots Fired 125 | 8 117 Gun 125 | 8 117 Cannon . | . . Launcher . | . . Special . | . . Kinetic 63 | 4 59 Thermal 46 | 4 42 Explosive . | . . Electromagnetic 16 | . 16 Robot Hit Streak 17 | 3 17 Robot Miss Streak 3 | 1 3 Penetration Max . | . . Secondary Targets 2 | . 2 Max Gunslinging Chain 1 | . 1 Shots Hit Robots 84 | 5 79 Core Hits 28 | 3 25 Critical Kills . | . . Critical Parts Destroyed 1 | . 1 Critical Strikes 7 | . 7 Burn 6 | . 6 Destroy 1 | . 1 Melee Attacks . | . . Impact . | . . Slashing . | . . Piercing . | . . Sneak Attacks . | . . Combat Hostiles . | . . Follow-up Attacks . | . . Damage Inflicted 997 | 56 941 Guns 912 | 56 856 Cannons . | . . Explosions 85 | . 85 Melee . | . . Ramming . | . . Kinetic 335 | 19 316 Thermal 506 | 37 469 Explosive . | . . Electromagnetic 156 | . 156 Impact . | . . Slashing . | . . Piercing . | . . Highest Corruption . | . . Average Corruption . | . . Corruption Purged . | . . Corruption Blocked . | . . Overload Shots . | . . Overflow Damage . | . . Projectiles . | . . Explosions . | . . Melee . | . . Knockbacks . | . . Impact . | . . Kinetic . | . . Secondary . | . . Self-Inflicted Damage 28 | . 28 Shots 1 | . 1 Rammed . | . . Targets Rammed . | . . Kicked . | . . Crushed . | . . Highest Temperature 156 | 60 156 Average Temperature 42 | 24 43 Received Heat Transfer 231 | . 231 Siege Activations . | . . Robots Corrupted . | . . Combat Hostiles . | . . Parts Fried . | . . Impact Corruptions . | . . Robots Melted 1 | . 1 Combat Hostiles 1 | . 1 Parts Melted 6 | . 6 Heat Transferred 1815 | 111 1704 Parts Sabotaged . | . . Parts Stolen . | . . Parts Stripped . | . . Power Chain Reactions 2 | . 2 Alert | -11 -10 ------- Run | Yrd Mat Peak Influence 292 | 10 292 Initial 6 | . 6 Average 95 | 3 106 Maximum Alert Level 1 | . 1 Low Security (%) 84 | 100 83 Level 1 15 | . 16 Level 2 . | . . Level 3 . | . . Level 4 . | . . Level 5 . | . . High Security . | . . Max Security . | . . Squads Dispatched 3 | . 3 Investigation 2 | . 2 Extermination . | . . Reinforcement 1 | . 1 Assault . | . . Garrison . | . . Intercept . | . . Searches Triggered . | . . Construction Impeded . | . . Haulers Reinforced . | . . Active Scanning Responses . | . . Cargo Convoy Interrupts . | . . Stealth | -11 -10 --------- Run | Yrd Mat Distress Signals 2 | . 2 Communications Jammed . | . . Distress Signals . | . . Times Spotted 29 | . 29 Peak Tracking Total 4 | . 4 Tactical Retreats 3 | . 3 Traps | -11 -10 ------- Run | Yrd Mat Traps Triggered 1 | . 1 Indirectly . | . . Trap Hack Attempts . | . . Triggered . | . . Disarmed . | . . Reprogrammed . | . . Reused . | . . Traps Extracted . | . . Installed . | . . Triggered . | . . Machines | -11 -10 ---------- Run | Yrd Mat Machines Disabled . | . . Max in Single Turn . | . . Machines Repaired . | . . Machines Dismantled . | . . Machines Sabotaged . | . . Overloaded Fab Kills . | . . Hacking | -11 -10 --------- Run | Yrd Mat Machines Accessed 4 | . 4 Terminals 4 | . 4 Fabricators . | . . Repair Stations . | . . Recycling Units . | . . Scanalyzers . | . . Garrison Access . | . . Total Hacks 7 | . 7 Successful 3 | . 3 Failed 4 | . 4 Catastrophic . | . . Database Lockouts . | . . Manual 5 | . 5 Terminals 7 | . 7 Fabricators . | . . Repair Stations . | . . Recycling Units . | . . Scanalyzers . | . . Garrison Access . | . . Terminal Hacks 3 | . 3 Robot Analysis 1 | . 1 Prototype ID Bank 2 | . 2 Fabricator Hacks . | . . Repair Station Hacks . | . . Recycling Unit Hacks . | . . Scanalyzer . | . . Garrison Access Hacks . | . . Unauthorized Hacks . | . . Terminals . | . . Fabricators . | . . Repair Stations . | . . Recycling Units . | . . Scanalyzers . | . . Garrison Access . | . . Data Cores Recovered . | . . Used . | . . Hacking Detections 3 | . 3 Full Trace Events 1 | . 1 Feedback Events . | . . Feedback Blocked . | . . Robot Schematics Acquired . | . . Robots Built . | . . Authchips . | . . Time . | . . Total Robot Build Rating . | . . Part Schematics Acquired . | . . Parts Built . | . . Authchips . | . . Time . | . . Total Part Build Rating . | . . Parts Repaired . | . . Time . | . . Parts Recycled . | . . Recycled Matter . | . . Retrieved Matter . | . . Retrieved Components . | . . Parts Scanalyzed . | . . Part Schematics Acquired . | . . Parts Damaged . | . . Bothacking | -11 -10 ------------ Run | Yrd Mat Used RIF Installer . | . . Robots Hacked . | . . Non-combat . | . . Combat . | . . Robot Hacks Applied . | . . Relay Couplers Released . | . . Fabnet Peak Effective % . | . . Robots Rewired . | . . Allies Hacked . | . . Hacks Repelled . | . . Allies | -11 -10 -------- Run | Yrd Mat Total Allies . | . . Largest Group . | . . Highest-Rated Group . | . . Highest-Rated Ally . | . . Total Orders . | . . Ally Attacks . | . . Total Damage . | . . Kills . | . . Allies Corrupted . | . . Allies Melted . | . . Intel | -11 -10 ------- Run | Yrd Mat Robot Analysis Total 1 | . 1 Derelict Logs Recovered . | . . Drone Launches . | . . Drone Recoveries . | . . Exploration | -11 -10 ------------- Run | Yrd Mat Turns Passed 901 | 97 804 Spaces Moved 415 | 55 360 Core 17 | 17 . Treads 389 | 38 351 Legs 9 | . 9 Wheels . | . . Hover . | . . Flight . | . . Fastest Speed 50 | 50 160 Average Speed 157 | 126 162 Slowest Speed 240 | 160 240 Overloaded Moves . | . . Propulsion Burnouts . | . . Robots Hopped . | . . Cave-ins Triggered 1 | . 1 Exploration Rate (%) 29 | 4 55 Regions Visited 1 Branch Regions . Pre-discovered Areas . | . . Known Exits Taken . | . . Unknown Exits Taken 1 | 1 . Scrap Searched . | . . Spaces Dug . | . . Terrain Destroyed 7 | . 7 Melee . | . . Projectile . | . . AOE 7 | . 7 Terrain Rammed . | . . Walls Destroyed . | . . Machines Disabled . | . . Actions | -11 -10 --------- Run | Yrd Mat Total 549 | 76 473 Wait 25 | . 25 Move 414 | 54 360 Hop . | . . Pick Up 21 | 11 10 Fast Attach . | . . Attach 13 | 7 6 Detach 1 | . 1 Swap 8 | . 8 Drop . | . . Fire 67 | 4 63 Melee . | . . Ram . | . . Kick . | . . Crush . | . . Escape Stasis . | . . Rewire . | . . Trap . | . . Miscellaneous . | . . Route ------- -11/Scrapyard -10/Materials (discovered 3 exits: [*Min x2] / [*Sub]) History --------- Turn | Location | Event 12 | -11/Scrapyard | Discovered new exit (range 16) 98 | -11/Scrapyard | Entered Materials 306 | -10/Materials | Discovered new exit (range 16) 318 | -10/Materials | Build established: Mutant 660 | -10/Materials | Discovered new exit (range 13) 798 | -10/Materials | Derelicts attacked the area 798 | -10/Materials | Lost 3 parts (2n1u) 845 | -10/Materials | Core integrity fell below 50% 892 | -10/Materials | Discovered new exit (range 15) 903 | -10/Materials | Crushed by falling debris 903 | -10/Materials | Smashed by cave-in Last Messages --------------- Acquired 52 matter. Acquired 4 matter. Acquired 1 matter. U-05 Engineer lays Concrete. Acquired 1 matter. EM Pulse Gun destroyed. Lgt. Assault Rifle destroyed. Aluminum Leg melted. G-34 Mercenary destroyed. Acquired 34 matter. Acquired 6 matter. U-05 Engineer builds a Wall. U-05 Engineer lays Concrete. U-05 Engineer builds a Wall. EXIT=FOUND U-05 Engineer builds a Wall. The unstable cave ceiling collapses. Crushed by falling debris. Lgt. Ion Engine destroyed. System corrupted by crushing effect (+4). Map ----- +----------------------------------------------------+ | ??????????????????#! #?????####### ^# """ #?? | | ????????????"""" #####+############## / """ #?? | | ????????????"""" / + # # #?? | | ????????????"""" ##### # # ########?? | | ?????????????????????# # """ # #########? | | ?????????????????????# + """ # [# #? | | ?????????????????????# ####### """ + %+ ! #? | | ?????????????????????# #?????# # #%* #? | | ?????????????????????# #?????######## #########? | | ?????????????????????# #?????????#" #???????? | | ?????????????????????# #?????????#"" #???????? | | ?????????????????????# #?????????#|| #???? ??? | | ?????????????????????# #?????????#"" < #??? ?? | | ?????????????????????# #?????????#|| #?? ?? | | ?????????????????????# #?????????#"" #? ??? | | ?????????????????????# #?????????#" #? ???? | | ?????????????????????# #?????????#### ## ????? | | ?????????????????????# ############## ##+###???? | | ?????????????????????# ## = # ????? | | ?????????????????????# ## ! # ?????? | | ?????????????????????# ## # ???????? | | ?????????????????????# ## # *[#????????? | | ?????????????????????# ## """ """=# =%##???????? | | ?????????????????????# ## """ """[" ##???????? | | ???????????????#< # ## ## """ """ # %=##???????? | | ????????????????#= @########### [ ##???????? | | ????????????????# *| k # # #???????? | | ????????????????# # #% #???????? | | ????????????????## # %+ #???????? | | ?????????????????# % ## """ =# #???????? | | ????????????????# #?# """ !! # *!!#???????? | | ????????????????# !#?# """ !! ## **##???????? | | ????????????????## u = #?# !* ##** #????????? | | ???????????????###; ### ## **#????????? | | ???????????????# # T############# ! #????????? | | ???????????????# # ##???????????# ########## | | ???????????????# " # #??#######???# | | ???????????????# "" # #### ##### | | ???????????????# """ # | | ???????????????# """ + T ########## | | ???????????????# "" # * % #????????? | | ???????????????# """ ###+## ##+###+##????????? | | ???????????????# "" ## % ####### * #?????????? | | ???????????????# "" ## T #?????# % #?????????? | | ???????????????# " ## #?????# #?????????? | | ???????????????# ## #?????# = #?????????? | | ???????????????######?# #?????# #?????????? | | ??????????????????????# #?????# #?????????? | | ??????????????????????# #?????########?????????? | | ???????????????????????####??????????????????????? | +----------------------------------------------------+ Best States ------------- Heat Dissipation 25 Energy Generation 10 Energy Capacity 125 Matter Stores 300 Matter Capacity 300 Sight Range 16 Terrain Scan Density 10 Evasion (%) 50 Targeting Accuracy 5 Recoil Reduction 2 Item Schematics ----------------- None Robot Schematics ------------------ None Fabricated ------------ Nothing Alien Tech Used ----------------- None Achievements -------------- None Challenges ------------ None Game ------ Seed SalvageClaymoresWand Manual? 0 Play Time 00:12:51 Cumulative 34.6 hours Start 2024.09.15 @ 21:22:14 End 2024.09.15 @ 21:39:03 Sessions 1 Manual Loads 0 Difficulty Rogue Special Mode None Game No. 21 Rogue 21 Adventurer 0 Explorer 0 Win Type - Total 1 Types 1/0/0/0/0/0/0/0/0 Lore% 13 Gallery% 20 Achievement% 22 Wizard Run 0 Options --------- Layout 1 ASCII 0 Keyboard 0 Movement Mouse Keybinds 0 Fullscreen 1 Font 18/SmallcapsGlow Map View 54x44 Zoom Use 0% Tactical HUD 0 Map Filters NONE Filters NONE Steam 0 RUN: b75d8c77-0243-43da-a633-2a1ede5da519